 Dungeon Sprint DCSS version 0.29.1-13-g9f3cf754e1 (webtiles) character file.

Game seed: 12921684851617264365

2879 Groucho the Earth Mage (level 9, -4/45 HPs)
             Began as a Deep Elf Earth Elementalist on Jan 22, 2023.
             Was the Champion of Vehumet.
             Slain by a deep troll (15 damage)
             ... in the Dungeon (Sprint VII: "The Pits").
             The game lasted 00:10:05 (2467 turns).

Groucho the Earth Mage (DEEE)                       Turns: 2467, Time: 00:10:06

Health: -4/45      AC:  5    Str:  8    XL:     9   Next: 48%
Magic:  21/27      EV: 21    Int: 25    God:    Vehumet [******]
Gold:   0          SH:  0    Dex: 15    Spells: 17/33 levels left

rFire   . . .      SeeInvis .   r - +4 quarterstaff (speed)
rCold   . . .      Faith    .   (shield currently unavailable)
rNeg    . . .      Spirit   .   a - +0 robe
rPois   .          Reflect  .   s - +0 helmet
rElec   .          Harm     .   h - +0 cloak
rCorr   .          Rampage  .   (no gloves)
Will    .....      NoTele   +   m - +0 pair of boots
Stlth   ++........              (no amulet)
HPRegen 0.15/turn               n - +3 ring of evasion
MPRegen 0.20/turn               o - +3 ring of strength

@: no status effects
A: no striking features
a: Renounce Religion


You were in the Dungeon.
You worshipped Vehumet.
Vehumet was exalted by your worship.
You visited 1 branch

Inventory:

Hand Weapons
 r - a +4 quarterstaff of speed (weapon)
Missiles
 j - 10 stones
Armour
 a - a +0 robe (worn)
 h - a +0 cloak (worn)
 m - a +0 pair of boots (worn)
 s - a +0 helmet (worn)
Jewellery
 n - a +3 ring of evasion (left hand)
 o - a +3 ring of strength (right hand)
Scrolls
 g - a scroll of blinking
 k - 5 scrolls of amnesia
 l - a scroll of summoning
Potions
 b - 3 potions of magic
 c - 8 potions of curing
 d - 8 potions of heal wounds
 e - a potion of haste
 f - 4 potions of berserk rage
 i - a potion of invisibility
 p - a potion of mutation
 q - 2 potions of might


   Skills:
 + Level 11.6 Dodging
 - Level 2.4 Stealth
 + Level 12.9 Spellcasting
 * Level 12.2 Conjurations
 - Level 1.1 Transmutations
 + Level 0.7 Ice Magic
 * Level 15.0 Earth Magic


You had 17 spell levels left.
You knew the following spells:

 Your Spells              Type           Power      Damage    Failure   Level
a - Sandblast             Erth           100%       2d20      0%          1
b - Stone Arrow           Conj/Erth      100%       3d13      1%          3
c - Hailstorm             Conj/Ice       48%        3d11      1%          4
d - Fulminant Prism       Conj/Hex       23%        3d13      1%          4
e - Petrify               Tmut/Erth      54%        N/A       1%          4

Your spell library contained the following spells:

 Spells                   Type           Power      Damage    Failure   Level
 Passwall                 Tmut/Erth      45%        N/A       1%          2


Dungeon Overview and Level Annotations

Branches:
Dungeon (1/1)

Altars:
Ashenzari
Cheibriados
Dithmenos
Elyvilon
Fedhas
Gozag
Hepliaklqana
Kikubaaqudgha
Makhleb
Nemelex Xobeh
Okawaru
Qazlal
Ru
Sif Muna
Trog
Uskayaw
Vehumet
Wu Jian
Xom
Yredelemnul
Zin
The Shining One
Jiyva
Lugonu


Message History

You start waiting.
You start waiting.
Done waiting.
You open the door.
A hell rat comes into view.
A deep troll comes into view.
The deep troll shouts!
There is an open door here.
The deep troll misses you. The deep troll closely misses you.
The deep troll claws you!
There is an open door, spattered with blood here.
The hell rat roars deafeningly!
Casting: Stone Arrow (safe; 1% risk of failure)
Confirm with . or Enter, or press ? or * to list all spells.
Aiming: Stone Arrow (safe; 1% risk of failure)
Press: ? - help, Shift-Dir - straight line, f - deep troll
Aim: a deep troll (78% to hit)
The stone arrow hits the deep troll.
The deep troll is lightly wounded.
The deep troll bites you! The deep troll closely misses you. x2
Casting: Stone Arrow (safe; 1% risk of failure)
Confirm with . or Enter, or press ? or * to list all spells.
Aiming: Stone Arrow (safe; 1% risk of failure)
Press: ? - help, Shift-Dir - straight line, f/p - deep troll
Aim: a deep troll (lightly wounded, 78% to hit)
The stone arrow hits the deep troll!!
The deep troll is heavily wounded.
The deep troll bites you!
* * * LOW HITPOINT WARNING * * *
The deep troll completely misses you.
The deep troll claws you but does no damage.
Unknown command.
You feel much better. The deep troll bites you!!
* * * LOW HITPOINT WARNING * * *
The deep troll completely misses you. The deep troll closely misses you.
You feel much better. The deep troll completely misses you.
The deep troll claws you!!
* * * LOW HITPOINT WARNING * * *
The deep troll claws you!
You die...

.'..#####'#####÷'#####
##'###.......##''#####
....##.......##......#
....##.......##....###
'#####...<...##...##.+
.)..##.......##..##..#
))..##.......##..#..#
######.......##..#..#
.#..###########.@Tr.+
.#)############..#..#
.#)#....#....##..#..#
.#'#)...#..[.##..##..#
.#.'....'..))##...##.+
.#)#....#..))##...÷###
.'.#....#..))##......#
######################


You could see a deep troll and a hell rat.

Vanquished Creatures
  A death yak (D)
  A sea snake (D)
  A deep elf pyromancer (D)
  A snapping turtle (D)
  A redback (D)
  Duvessa (D)
  A floating eye (D)
  A black bear (D)
  2 orc warriors (D)
  A centaur (D)
  A bullfrog (D)
  A scorpion (D)
  4 wights (D)
  Dowan (D)
  An orc priest (D)
  2 orc wizards (D)
  2 adders (D)
  An ufetubus (D)
  An adder zombie (D)
  6 orcs (D)
  A bat (D)
  A bat skeleton (D)
  A hobgoblin (D)
  5 jackals (D)
  A kobold (D)
  A frilled lizard (D)
  A rat (D)
42 creatures vanquished.

Notes
Turn   | Place    | Note
-------+----------+-------------------------------------------
     0 | D        | Groucho the Deep Elf Earth Elementalist began the quest for
                  | the Orb.
     0 | D        | Reached XP level 1. HP: 10/10 MP: 6/6
    11 | D        | Reached skill level 4 in Earth Magic
    37 | D        | Found a bloodstained altar of Trog.
    37 | D        | Found a shimmering blue altar of Sif Muna.
    37 | D        | Found a viscous altar of Jiyva.
    37 | D        | Found a hazy altar of Hepliaklqana.
    37 | D        | Found an opulent altar of Gozag.
    38 | D        | Found a glowing golden altar of the Shining One.
    38 | D        | Found a glowing silver altar of Zin.
    38 | D        | Found a basalt altar of Yredelemnul.
    38 | D        | Found a shimmering altar of Xom.
    38 | D        | Found an ornate altar of the Wu Jian Council.
    38 | D        | Found a sacrificial altar of Ru.
    38 | D        | Found a stormy altar of Qazlal.
    38 | D        | Found an iron altar of Okawaru.
    38 | D        | Found a sparkling altar of Nemelex Xobeh.
    38 | D        | Found a burning altar of Makhleb.
    38 | D        | Found a blossoming altar of Fedhas.
    38 | D        | Found a white marble altar of Elyvilon.
    38 | D        | Found a shadowy altar of Dithmenos.
    38 | D        | Found a snail-covered altar of Cheibriados.
    40 | D        | Found a radiant altar of Vehumet.
    40 | D        | Found a corrupted altar of Lugonu.
    41 | D        | Found a hide-covered altar of Uskayaw.
    41 | D        | Found an ancient bone altar of Kikubaaqudgha.
    41 | D        | Found a broken altar of Ashenzari.
    48 | D        | Became a worshipper of Vehumet
    64 | D        | Reached XP level 2. HP: 15/15 MP: 7/9
    83 | D        | Noticed a scorpion
    84 | D        | Reached skill level 5 in Earth Magic
    87 | D        | Killed a scorpion
    87 | D        | Reached * piety under Vehumet
    87 | D        | Offered knowledge of Magic Dart by Vehumet.
    88 | D        | Reached skill level 5 in Dodging
    88 | D        | Reached skill level 5 in Spellcasting
    88 | D        | Reached skill level 6 in Earth Magic
    88 | D        | Reached XP level 3. HP: 19/19 MP: 7/12
    88 | D        | Reached XP level 4. HP: 24/24 MP: 7/13
   428 | D        | Noticed a floating eye
   429 | D        | Paralysed by a floating eye for 2 turns
   430 | D        | Reached skill level 7 in Earth Magic
   431 | D        | Killed a floating eye
   432 | D        | Reached skill level 9 in Earth Magic
   432 | D        | Reached XP level 5. HP: 28/28 MP: 14/17
   454 | D        | Reached ** piety under Vehumet
   454 | D        | Offered knowledge of Searing Ray by Vehumet.
   461 | D        | Reached *** piety under Vehumet
   464 | D        | Reached skill level 1 in Conjurations
   619 | D        | Learned a level 3 spell: Stone Arrow
   627 | D        | Reached **** piety under Vehumet
   628 | D        | Reached skill level 10 in Earth Magic
   628 | D        | Reached XP level 6. HP: 32/32 MP: 9/19
   734 | D        | Offered knowledge of Ignite Poison by Vehumet.
   746 | D        | Noticed an orc warrior
   747 | D        | Reached skill level 5 in Conjurations
   753 | D        | Killed an orc warrior
   754 | D        | Reached skill level 11 in Earth Magic
   756 | D        | Noticed an orc warrior
   759 | D        | Reached ***** piety under Vehumet
   762 | D        | Reached XP level 7. HP: 33/36 MP: 1/22
   784 | D        | Reached skill level 10 in Spellcasting
   884 | D        | Offered knowledge of Hailstorm by Vehumet.
   884 | D        | Reached ****** piety under Vehumet
   885 | D        | Reached skill level 12 in Earth Magic
  1053 | D        | Learned a level 4 spell: Hailstorm
  1055 | D        | Noticed a sea snake
  1059 | D        | Killed a sea snake
  1059 | D        | Offered knowledge of Dazzling Flash by Vehumet.
  1060 | D        | Reached skill level 10 in Dodging
  1060 | D        | Reached skill level 13 in Earth Magic
  1060 | D        | Reached XP level 8. HP: 25/41 MP: 16/25
  1283 | D        | Offered knowledge of Flame Wave by Vehumet.
  1554 | D        | Noticed Duvessa
  1554 | D        | Noticed Dowan
  1554 | D        | Noticed a deep elf pyromancer
  1558 | D        | Killed Duvessa
  1559 | D        | Reached skill level 10 in Conjurations
  1559 | D        | Noticed a death yak
  1560 | D        | Killed a deep elf pyromancer
  1569 | D        | Killed a death yak
  1570 | D        | Reached skill level 14 in Earth Magic
  1570 | D        | Reached XP level 9. HP: 26/45 MP: 27/27
  1570 | D        | Killed Dowan
  1570 | D        | Offered knowledge of Fulminant Prism by Vehumet.
  1704 | D        | Learned a level 4 spell: Fulminant Prism
  2210 | D        | Learned a level 4 spell: Petrify
  2226 | D        | Reached skill level 15 in Earth Magic
  2460 | D        | Noticed a deep troll
  2467 | D        | Slain by a deep troll

Illustrated notes

Levels and vault maps discovered:
D:        pitsprint [storerooms_1, entrance_room_1, metal_vault_6, armoury_3,
          mini_pit_1, grid_room_1, main_hall_1, silver_pit, the_coven_3,
          the_vestibule_1, steel_vault_4, golden_pit, hallway_of_sentries,
          crystal_vault_3, iron_vault_1, final_vault]

Skill      XL: |  1  2  3  4  5  6  7  8  9 |
---------------+----------------------------+-----
Dodging        | 3 5 6 7 8 10 11 | 11.6
Earth Magic    | 4 6 9 10 11 13 14 15 | 15.0
Spellcasting   | 4 5 7 8 9 11 12 | 12.9
Conjurations   | 4 6 9 11 12 | 12.2
Stealth        | |  2.4
Transmutations | |  1.1
Ice Magic      | |  0.7

Action                   |  1- 3 |  4- 6 |  7- 9 || total
-------------------------+-------+-------+-------++-------
 Cast: Sandblast         |     6 |    14 |    10 ||    30
       Stone Arrow       |       |    12 |    38 ||    50
  Use: Potion            |       |     2 |     5 ||     7
Armor: Robe              |       |     2 |     3 ||     5
Dodge: Dodged            |     2 |     3 |    31 ||    36
